Map: Overgrown Facility

Players

Adversity - Winner!

  • Race: Terran Terran
  • Spawn Location: 7:00

BruceLee - Winner!

  • Race: Terran Terran
  • Spawn Location: 9:00

Arts

  • Race: Protoss Protoss
  • Spawn Location: 3:00

Snoopy

  • Race: Protoss Protoss
  • League: Master
  • Spawn Location: 1:00

VOD

Have the link to the VOD?

Description

Time

  • Played on: July 14, 2018, 2:05 p.m.
  • Length: 9:37
Show
View Real Time Build Order
Export as new Build Order

Adversity Terran - Winner!

Build Orders:  

Get SALT Encoding   

  12  0:01  SCV  
  13  0:13  SCV  
  14  0:18  Supply Depot  
  14  0:25  SCV  
  15  0:30  Refinery  
  15  0:39  SCV  
  16  0:46  Barracks  
  16  0:51  SCV  
  17  1:03  SCV  
  18  1:06  Barracks  
  18  1:15  SCV  
  19  1:25  Barracks  
  19  1:33  Reaper  
  20  1:41  Orbital Command  
  20  1:49  Supply Depot  
  20  1:54  Reaper  
  21  1:59  Refinery  
  21  2:07  Reaper  
  22  2:12  Reaper, SCV  
  24  2:24  Supply Depot, SCV  
  25  2:38  Reaper  
  25  2:41  Reaper, SCV  
  28  2:46  Reaper  
  29  2:53  SCV  
  30  3:00  Command Center  
  30  3:10  Reaper  
  30  3:12  Engineering Bay  
  33  3:32  SCV  
  33  3:35  Barracks Reactor, Barracks Tech Lab  
  33  3:39  Missile Turret  
  33  3:40  Factory  
  31  3:44  SCV  
  31  3:45  Marine  
  33  3:55  Marine  
  34  3:56  Stimpack, SCV  
  35  4:08  Marine  
  35  4:11  SCV  
  35  4:15  Marine x3  
  37  4:17  Orbital Command  
  37  4:23  SCV  
  38  4:26  Starport  
  38  4:28  Factory Reactor  
  37  4:39  Marine x3  
  37  4:40  Marine  
  37  4:42  SCV  
  37  4:43  SCV  
  41  4:59  Terran Infantry Weapons Level 1, SCV x2  
  42  5:01  Missile Turret  
  42  5:02  Supply Depot  
  42  5:03  Barracks Reactor  
  42  5:16  SCV x2  
  42  5:18  Medivac  
  42  5:19  Medivac  
  48  5:21  Marine  
  48  5:22  Marine x2  
  51  5:31  Barracks, SCV x2  
  51  5:32  Barracks  
  53  5:42  Supply Depot  
  53  5:43  SCV x2  
  53  5:45  Marine x2  
  53  5:46  Marine x3  
  60  5:51  Refinery  
  60  5:52  Refinery  
  60  5:55  SCV x2  
  62  6:03  Medivac x2  
  66  6:08  Supply Depot  
  66  6:09  Supply Depot, SCV  
  66  6:10  SCV  
  68  6:18  Marine x2  
  68  6:23  Supply Depot  
  70  6:30  Marine x3  
  73  6:33  Barracks  
  73  6:45  Marine x2  
  75  6:47  Medivac x2, Marine  
  75  6:51  Marine x2  
  75  6:52  Supply Depot, Combat Shield  
  75  6:53  Terran Infantry Armor Level 1  
  82  7:03  Marine x2  
  82  7:05  Marine  
  81  7:08  Marine  
  81  7:09  Marine  
  76  7:21  Medivac x2  
  76  7:22  Marine x2  
  83  7:28  Barracks Reactor x2  
  83  7:29  Barracks Reactor  
  81  7:30  Factory Tech Lab  
  81  7:31  SCV x2  
  81  7:35  Supply Depot  
  81  7:36  Supply Depot  
  81  7:37  Marine  
  83  7:41  Marine x2  
  86  7:45  SCV x2  
  88  7:54  Marine  
  88  7:57  SCV x2  
  91  7:59  Marine x2  
  91  8:05  Marine x3  
  93  8:06  Marine x3  
  93  8:10  Medivac x2  
  93  8:12  Marine  
  103  8:14  Supply Depot  
  104  8:27  Marine x6  
  102  8:28  Marine x2  
  102  8:30  Marine  
  111  8:40  Medivac x2  
  115  8:45  Marine x5  
  120  8:49  Supply Depot  
  120  8:50  Supply Depot x2, Siege Tank  
  123  9:00  Marine x3  
  126  9:10  Marine  
Show
View Real Time Build Order
Export as new Build Order

BruceLee Terran - Winner!

Build Orders: Mech 

Get SALT Encoding   

  12  0:01  SCV  
  13  0:13  SCV  
  14  0:19  Supply Depot  
  14  0:25  SCV  
  15  0:42  Barracks  
  15  0:43  SCV  
  16  0:50  Supply Depot  
  16  0:55  SCV  
  17  1:26  Command Center  
  17  1:29  Marine  
  18  1:36  Orbital Command  
  18  1:45  Refinery  
  18  1:48  Refinery  
  18  1:53  Marine  
  19  2:01  SCV  
  20  2:13  SCV  
  21  2:16  Marine  
  22  2:25  Engineering Bay  
  22  2:26  SCV  
  23  2:33  Factory  
  23  2:38  SCV  
  24  2:44  Barracks Tech Lab  
  24  2:50  SCV  
  25  2:54  Missile Turret  
  25  2:58  Orbital Command  
  25  3:02  SCV  
  26  3:14  Missile Turret  
  26  3:26  Bunker, Siege Tank  
  29  3:33  Starport  
  29  3:35  SCV  
  29  3:38  SCV  
  31  3:41  Barracks Reactor  
  31  3:47  SCV  
  32  3:50  SCV  
  33  3:59  SCV  
  33  4:01  Missile Turret  
  33  4:02  SCV  
  35  4:12  SCV  
  35  4:14  SCV  
  35  4:15  Siege Tank  
  40  4:21  Missile Turret  
  40  4:27  SCV  
  41  4:34  Refinery x2  
  41  4:35  Viking x2  
  45  4:39  SCV  
  45  4:42  Supply Depot  
  45  4:44  Supply Depot  
  46  4:59  Factory  
  46  5:03  SCV, Siege Tank  
  46  5:04  SCV  
  51  5:07  Supply Depot x2  
  51  5:09  Viking  
  53  5:15  SCV  
  54  5:26  Missile Turret  
  54  5:43  Factory Tech Lab  
  54  5:44  Viking  
  54  5:46  Command Center  
  54  5:48  SCV  
  54  5:49  SCV  
  58  5:59  Armory  
  58  6:00  SCV  
  58  6:01  SCV  
  53  6:23  Siege Tank x2  
  59  6:31  Missile Turret  
  50  6:52  SCV  
  50  6:54  SCV  
  52  6:55  Siege Tank x2  
  58  7:04  SCV  
  58  7:06  SCV  
  52  7:25  Planetary Fortress  
  52  7:27  Siege Tank  
  52  7:28  Siege Tank  
  55  7:47  Factory  
  55  7:50  Factory  
  55  7:56  Refinery, Missile Turret  
  55  8:00  Refinery, Siege Tank x2  
  55  8:03  Command Center  
  61  8:10  SCV  
  61  8:11  SCV  
  63  8:14  SCV  
  64  8:22  SCV  
  64  8:23  SCV  
  64  8:26  SCV  
  67  8:32  Thor, Siege Tank  
  67  8:34  SCV  
  77  8:35  SCV  
  77  8:38  Factory Tech Lab x2, SCV  
  79  8:46  SCV  
  79  8:47  SCV  
  81  8:51  SCV  
  82  8:58  SCV  
  82  8:59  SCV  
  93  9:14  SCV, Hellbat  
  93  9:15  Hellbat  
Show
View Real Time Build Order
Export as new Build Order

Arts Protoss 

Build Orders: 1 Gate Expand, Phoenix Opening 

Get SALT Encoding   

  12  0:01  Probe  
  13  0:13  Probe  
  14  0:19  Pylon  
  14  0:25  Probe  
  15  0:33  Probe  
  15  0:41  Gateway, Probe  
  16  0:47  Assimilator  
  17  0:51  Probe  
  18  1:02  Probe  
  19  1:10  Probe  
  20  1:18  Probe  
  21  1:29  Nexus  
  21  1:39  Cybernetics Core  
  21  1:43  Probe  
  22  1:53  Pylon  
  22  1:55  Probe  
  22  1:59  Assimilator  
  23  2:09  Adept  
  23  2:11  Probe  
  24  2:18  Stargate  
  26  2:24  Pylon  
  26  2:26  Probe  
  27  2:34  Adept  
  27  2:48  Shield Battery  
  27  2:52  Probe x2  
  27  2:58  Phoenix  
  29  3:04  Probe x2  
  33  3:18  Phoenix  
  35  3:35  Probe x2  
  35  3:37  Phoenix  
  35  3:38  Assimilator  
  37  3:43  Probe  
  37  3:47  Probe  
  41  3:51  Probe  
  42  3:59  Probe  
  42  4:01  Probe  
  43  4:08  Phoenix  
  42  4:11  Probe  
  45  4:18  Twilight Council  
  45  4:20  Gateway  
  45  4:21  Gateway  
  45  4:23  Probe x2  
  47  4:28  Assimilator  
  47  4:32  Pylon  
  43  4:52  Probe  
  43  4:55  Probe  
  43  5:01  Probe  
  43  5:03  Charge, Phoenix  
  43  5:05  Probe  
  46  5:09  Probe  
  46  5:13  Probe, Warp Gate  
  49  5:22  Probe  
  49  5:28  Nexus  
  50  5:33  Phoenix  
  50  5:34  Probe  
  53  5:36  Probe  
  54  5:46  Probe  
  54  5:48  Probe  
  56  5:56  Phoenix  
  56  5:58  Probe  
  56  6:00  Probe  
  60  6:13  Phoenix  
  60  6:17  Probe x2  
  60  6:40  Probe x2  
  60  6:51  Zealot x3  
  60  6:52  Phoenix  
  60  6:53  Probe x3  
  71  6:54  Pylon  
  71  7:03  Templar Archives  
  71  7:05  Probe, Pylon  
  72  7:14  Probe x2  
  74  7:16  Probe  
  74  7:22  Probe  
  75  7:24  Probe  
  75  7:27  Probe  
  78  7:34  Probe x2  
  78  7:39  Probe  
  81  7:49  Probe x2  
  81  7:51  Probe  
  84  8:01  Probe x2, Stargate  
  84  8:02  Stargate  
  84  8:03  Gateway  
  84  8:05  Forge  
  84  8:10  Forge, Shield Battery  
  84  8:14  Pylon, Shield Battery  
  69  8:28  Zealot  
  69  8:29  Zealot x2  
  69  8:32  Probe x3  
  74  8:39  Nexus, Pylon  
  68  8:44  Probe  
  51  9:09  Stargate  
  44  9:10  Fleet Beacon  
  44  9:14  Stargate  
  44  9:17  Stargate  
  32  9:18  Pylon  
  32  9:21  Photon Cannon  
Show
View Real Time Build Order
Export as new Build Order

Snoopy Protoss 

Build Orders: 1 Gate Expand 

Get SALT Encoding   

  12  0:01  Probe  
  13  0:13  Probe  
  14  0:18  Pylon  
  14  0:24  Probe  
  15  0:32  Probe  
  15  0:40  Gateway, Probe  
  16  0:48  Assimilator  
  17  0:51  Probe  
  18  1:03  Probe  
  19  1:15  Probe  
  20  1:28  Nexus  
  20  1:39  Cybernetics Core  
  20  1:46  Assimilator  
  20  1:47  Probe  
  21  1:55  Pylon  
  21  2:00  Probe  
  22  2:05  Stalker  
  22  2:12  Probe  
  25  2:24  Probe, Warp Gate  
  26  2:30  Robotics Facility  
  26  2:38  Stalker  
  26  2:43  Probe  
  29  2:44  Probe  
  30  2:55  Probe  
  31  2:58  Shield Battery  
  31  3:03  Shield Battery  
  31  3:07  Sentry  
  31  3:09  Gateway  
  31  3:12  Immortal  
  37  3:35  Probe  
  37  3:39  Probe  
  39  3:43  Immortal, Pylon  
  39  3:47  Probe  
  44  3:59  Probe x2  
  46  4:16  Observer  
  46  4:17  Gateway  
  46  4:22  Probe  
  46  4:23  Probe  
  49  4:26  Pylon  
  49  4:29  Pylon, Sentry  
  49  4:31  Stalker  
  53  4:34  Probe  
  54  4:40  Pylon  
  54  4:42  Warp Prism  
  54  4:45  Probe  
  55  4:47  Probe  
  58  4:57  Probe  
  58  4:59  Probe  
  60  5:05  Nexus  
  60  5:10  Probe  
  60  5:11  Probe  
  62  5:22  Probe  
  62  5:23  Probe  
  64  5:30  Twilight Council  
  64  5:34  Probe  
  65  5:37  Probe, Pylon  
  65  5:39  Observer  
  65  5:40  Pylon  
  66  5:46  Probe  
  66  5:48  Blink  
  66  5:49  Probe  
  68  5:53  Stalker x3  
  68  5:57  Observer  
  74  6:03  Probe x2  
  76  6:07  Assimilator  
  76  6:11  Assimilator  
  76  6:22  Zealot x3  
  82  6:37  Immortal  
  82  6:45  Probe x2  
  82  6:46  Probe  
  85  6:53  Adept x3  
  95  6:57  Probe  
  70  7:17  Probe  
  70  7:18  Probe  
  70  7:28  Probe  
  70  7:29  Stalker x3  
  68  7:30  Probe  
  68  7:32  Gateway  
  68  7:37  Gateway  
  68  7:38  Assimilator  
  68  7:39  Gateway  
  68  7:40  Assimilator  
  68  7:42  Pylon  
  68  7:45  Charge, Forge  
  68  7:47  Templar Archives  
  64  7:53  Probe x2  
  64  7:56  Sentry x2  
  64  7:57  Zealot  
  72  8:01  Pylon  
  72  8:05  Gateway  
  72  8:07  Gateway  
  72  8:09  Gateway  
  72  8:10  Probe x3  
  72  8:11  Gateway  
  75  8:24  Zealot x3  
  77  8:37  Zealot x3  
  83  8:44  High Templar  
  83  8:45  High Templar x2  
  89  8:50  Archon  
  89  8:57  Zealot  
  89  8:58  Zealot x2  
Tags
 
Add a new tag
Caveats
  • Supply blocks, unpowered buildings, or Contaminate may cause inaccurate times.
  • Supply counts are checked every 10 seconds.